 Dungeon Crawl Stone Soup version 0.28.0 (webtiles) character file.

Game seed: 9858706580294206524

145 Findor the Covert (level 5, -6/47 HPs)
             Began as a Gnoll Delver on Feb 12, 2022.
             Was an Initiate of Okawaru.
             Mangled by Pikel (7 damage)
             ... on level 4 of the Dungeon.
             The game lasted 00:04:44 (3209 turns).

Findor the Covert (Gnoll Delver)                    Turns: 3209, Time: 00:04:44

Health: -6/47      AC:  8    Str: 13    XL:     5   Next: 27%
Magic:  7/7        EV:  7    Int: 10    God:    Okawaru [......]
Gold:   194        SH:  0    Dex: 13    Spells: 6/6 levels left

rFire   + . .      SeeInvis .   s - +0 whip (elec)
rCold   . . .      Faith    .   (no shield)
rNeg    . . .      Spirit   .   j - +0 chain mail {rF+}
rPois   .          Reflect  .   (no helmet)
rElec   .          Harm     .   (no cloak)
rCorr   .          Rampage  .   (no gloves)
Will    .....                   (no boots)
Stlth   +.........              n - amulet of magic regeneration
HPRegen 0.15/turn               (no ring)
MPRegen 0.50/turn               (no ring)

@: no status effects
A: fangs 1, strong nose, distributed training
a: Renounce Religion


You were on level 4 of the Dungeon.
You worshipped Okawaru.
Okawaru was noncommittal.
You visited 2 branches of the dungeon, and saw 6 of its levels.

You collected 194 gold pieces.


Innate Abilities, Weirdness & Mutations

You have very sharp teeth.
Your uncanny sense of smell can sniff out nearby items.
Your experience applies equally to all skills.


   Skills:
 + Level 6.7 Fighting
 + Level 1.4 Short Blades
 + Level 1.4 Long Blades
 + Level 1.4 Axes
 + Level 4.7 Maces & Flails
 + Level 1.4 Polearms
 + Level 1.4 Staves
 + Level 1.4 Slings
 + Level 1.4 Bows
 + Level 1.4 Crossbows
 + Level 1.4 Throwing
 + Level 1.4 Armour
 + Level 4.7 Dodging
 + Level 9.7 Stealth
 + Level 1.4 Shields
 + Level 1.4 Unarmed Combat
 + Level 1.4 Spellcasting
 + Level 1.1 Conjurations
 + Level 1.1 Hexes
 + Level 1.1 Summonings
 + Level 1.1 Necromancy
 + Level 1.1 Translocations
 + Level 1.1 Transmutations
 + Level 1.1 Fire Magic
 + Level 1.1 Ice Magic
 + Level 1.1 Air Magic
 + Level 1.1 Earth Magic
 + Level 1.1 Poison Magic
 + Level 1.6 Invocations
 + Level 1.4 Evocations


You had 6 spell levels left.
You didn't know any spells.
Your spell library contained the following spells:

 Spells                   Type           Power      Damage    Failure   Level
 Foxfire                  Conj/Fire      12%        2x1d4     100%        1
 Corpse Rot               Necr/Air       6%         N/A       100%        2
 Poisonous Vapours        Pois/Air       6%         N/A       100%        2
 Sublimation of Blood     Necr           3%         N/A       100%        2
 Petrify                  Tmut/Erth      3%         N/A       100%        4
 Irradiate                Conj/Tmut      1%         3d14      100%        5

Inventory:

Hand Weapons
 a - a +0 mace
 h - a +0 spear of venom
   (You found it on level 2 of the Dungeon)
 s - a +0 whip of electrocution (weapon)
   (You took it off an orc on level 4 of the Dungeon)
Armour
 j - a +0 chain mail of fire resistance (worn)
   (You found it on level 3 of the Dungeon)
Jewellery
 n - an amulet of magic regeneration (around neck)
   (You found it on level 2 of the Dungeon)
Wands
 v - a wand of digging (3)
Scrolls
 b - a scroll of teleportation {unknown}
 c - 4 scrolls of fog
 d - 3 scrolls of magic mapping
 g - 5 scrolls of identify {unknown}
 i - 2 scrolls of enchant weapon {unknown}
 k - 3 scrolls of vulnerability {unknown}
 o - a scroll of torment {!r}
 q - a scroll of enchant armour {unknown}
Potions
 f - a potion of haste {@q3}
 l - a potion of berserk rage {unknown}
 m - a potion of flight {unknown}
 p - a potion of invisibility {unknown}


Message History

Pikel is nearby!
Pikel is nearby!
Pikel shouts!
You hear a shout! x2
There is an open door here.
You close the door.
You start resting.
Pikel is nearby!
You barely miss Pikel. You barely miss Pikel.
Pikel hits you but does no damage.
You hit Pikel. Pikel hits you but does no damage.
You hit Pikel.
Pikel hits you with a +1 whip of freezing.
* * * LOW HITPOINT WARNING * * *
Pikel freezes you.
* * * LOW HITPOINT WARNING * * *
Unknown command.
Unknown command.
You closely miss Pikel.
Pikel hits you with a +1 whip of freezing!
* * * LOW HITPOINT WARNING * * *
Pikel freezes you.
* * * LOW HITPOINT WARNING * * *
Okay, then.
As you read the scroll of fear, it crumbles to dust.
You assume a fearsome visage.
Pikel looks frightened!
You open the door.
A lemure comes into view. x2
You close the door.
A lemure opens the door.
The lemure shouts! x2
Pikel seems to regain his courage.
Pikel hits you but does no damage.
Pikel hits you with a +1 whip of freezing.
* * * LOW HITPOINT WARNING * * *
Pikel freezes you.
* * * LOW HITPOINT WARNING * * *
Unknown command.
Unknown command.
As you read the scroll labelled BIUBLU GA BOT, it crumbles to dust.
The creatures around you are filled with an inner flame!
It was a scroll of immolation.
The lemure hits you but does no damage. Pikel hits you but does no damage.
As you read the scroll labelled COUXEN PODE, it crumbles to dust.
Your body is wracked with pain!
* * * LOW HITPOINT WARNING * * *
Pikel convulses!
Flame seeps out of Pikel.
It was a scroll of torment.
The lemure hits you.
* * * LOW HITPOINT WARNING * * *
Pikel is engulfed in blazing flames.
Flame seeps out of Pikel.
Pikel hits you with a +1 whip of freezing!
You die...

##### #...# #####
#...# ...# #@..#
#.###### ##5K.#
#....... #55..#
#......# #...##
#....... #..5#
#.)>)... #...#
.........##)# #...#
########.##.# #...#
####)#
#...#############.#


You could see Pikel (inner flame) and 4 lemures.

Vanquished Creatures
  3 gnolls (D:4)
  An adder (D:3)
  A worm (D:5)
  4 dart slugs
  8 orcs
  8 endoplasms
  5 giant cockroaches
  11 goblins
  3 hobgoblins
  6 jackals
  4 quokkas
  8 ball pythons
  7 bats
  2 frilled lizards
  6 kobolds
  6 rats
83 creatures vanquished.

Notes
Turn   | Place    | Note
-------+----------+-------------------------------------------
     0 | D:5      | Reached skill level 9 in Stealth
     0 | D:5      | Findor the Gnoll Delver began the quest for the Orb.
     0 | D:5      | Reached XP level 1. HP: 23/23 MP: 1/1
   108 | D:4      | Found a staircase to the Ecumenical Temple.
   120 | Temple   | Entered the Ecumenical Temple
   443 | Temple   | Became a worshipper of Warmaster Okawaru
   474 | D:4      | Noticed a lemure
   475 | D:4      | Noticed Pikel
   475 | D:4      | Noticed a lemure
   563 | D:3      | Reached XP level 2. HP: 19/29 MP: 2/2
   670 | D:2      | Found Hugimeme's Armour Boutique.
   915 | D:2      | Reached XP level 3. HP: 35/35 MP: 3/3
  1118 | D:2      | Reached skill level 1 in Invocations
  1399 | D:1      | Reached skill level 1 in Short Blades
  1399 | D:1      | Reached skill level 1 in Long Blades
  1399 | D:1      | Reached skill level 1 in Axes
  1399 | D:1      | Reached skill level 1 in Polearms
  1399 | D:1      | Reached skill level 1 in Staves
  1399 | D:1      | Reached skill level 1 in Slings
  1399 | D:1      | Reached skill level 1 in Bows
  1399 | D:1      | Reached skill level 1 in Crossbows
  1399 | D:1      | Reached skill level 1 in Throwing
  1399 | D:1      | Reached skill level 1 in Armour
  1399 | D:1      | Reached skill level 1 in Shields
  1399 | D:1      | Reached skill level 1 in Unarmed Combat
  1399 | D:1      | Reached skill level 1 in Spellcasting
  1399 | D:1      | Reached skill level 1 in Evocations
  1520 | D:1      | Reached XP level 4. HP: 31/41 MP: 5/5
  1850 | D:2      | Found a faded altar of an unknown god.
  1855 | D:2      | Got Plato's Reference Book on Combat Magic
  2036 | D:3      | HP: 8/41 [orc (2)]
  2296 | D:3      | Reached skill level 1 in Conjurations
  2296 | D:3      | Reached skill level 1 in Hexes
  2296 | D:3      | Reached skill level 1 in Summonings
  2296 | D:3      | Reached skill level 1 in Necromancy
  2296 | D:3      | Reached skill level 1 in Translocations
  2296 | D:3      | Reached skill level 1 in Transmutations
  2296 | D:3      | Reached skill level 1 in Fire Magic
  2296 | D:3      | Reached skill level 1 in Ice Magic
  2296 | D:3      | Reached skill level 1 in Air Magic
  2296 | D:3      | Reached skill level 1 in Earth Magic
  2296 | D:3      | Reached skill level 1 in Poison Magic
  2933 | D:4      | Reached XP level 5. HP: 23/47 MP: 5/7
  3193 | D:4      | HP: 8/47 [Pikel (2)]
  3195 | D:4      | Noticed a lemure
  3195 | D:4      | Noticed a lemure
  3206 | D:4      | HP: 8/47 [Pikel (2)]
  3209 | D:4      | HP: 1/47 [lemure[Pikel] (5)]
  3209 | D:4      | Mangled by Pikel

Levels and vault maps discovered:
D:1:      dpeg_arrival_round_c, layout_rooms, minmay_close_crescents
D:2:      layout_loops_ring, shapermc_ecumenical_altar_rom_forum, serial_shops,
          shop_fountains
D:3:      layout_loops_ring, uniq_robin
D:4:      layout_basic, minmay_temple_entry_mini_moons, hangedman_decor_growths,
          uniq_pikel
D:5:      layout_loops_ring, general_overflow_altar, minmay_small_thing,
          uniq_grinder
Temple:   mainiacjoe_temple_circle_huts

Action                   |  1- 3 |  4- 6 || total
-------------------------+-------+-------++-------
Melee: Mace              |    18 |       ||    18
       Bite              |    13 |     7 ||    20
       Spear             |   108 |   105 ||   213
       Punch             |       |     3 ||     3
       Whip              |       |     5 ||     5
  Use: Scroll            |       |     3 ||     3
 Stab: Sleeping          |     4 |     2 ||     6
Armor: Chain mail        |    75 |    54 ||   129
Dodge: Dodged            |    36 |    25 ||    61
